 Dungeon Crawl Stone Soup version bcrawl-1.39.1 (webtiles) character file.

Game seed: 5753258785395283041

17779883 TheRedRose the Hoplite (level 27, 241/251 HPs)
             Began as a Demonspawn Berserker on Sept 30, 2023.
             Was a High Priest of Trog.
             Escaped with the Orb
             ... and 3 runes on Oct 1, 2023!
             The game lasted 02:22:55 (55028 turns).

TheRedRose the Hoplite (Demonspawn Berserker)      Turns: 55028, Time: 02:22:56

Health: 241/251    AC: 28    Str: 22    XL:     27
Magic:  27/27      EV: 16    Int:  9    God:    Trog [*****.]
Gold:   5400       SH: 36    Dex: 21    Spells: 26/26 levels left

rFire    + + +     GDR:     41% u - +18 lance "Wyrmbane" {slay drac, rPois rF+ rC+ AC+3}
rCold    + + .     SeeInvis .   N - +8 large shield {reflect}
rNeg     . . .     Gourm    .   Y - +6 fire dragon scales of Xtahua {rF+++ rC- MR+}
rPois    +         Faith    .   (helmet unavailable)
rElec    +         Spirit   .   K - +4 dragonskin cloak
rCorr    .         Reflect  +   (gloves unavailable)
MR       ++++.                  (boots unavailable)
Stlth    ++........             V - +3 amulet of reflection
HPRegen  0.51/turn              P - ring of Ephemeral Luck {rElec Slay+5 Stlth++}
MPRegen  0.20/turn              B - ring "Xilatiom" {rC+ MR+ Dex-2 Slay+2}

@: lightly drained
A: claws 3, hooves 3, horns 3, demonic guardian 3, low mp 1, powered by death 3,
robust 1, screaming 1, spiny 3, strong 1, augmentation 3
0: Orb of Zot
}: 3/15 runes: decaying, serpentine, silver
a: Berserk, Trog's Hand, Brothers in Arms, Renounce Religion


You escaped.
You worshipped Trog.
Trog was extremely pleased with you.
You were not hungry.

You visited 9 branches of the dungeon, and saw 41 of its levels.
You also visited: Ossuary, Gauntlet, Volcano and Desolation.

You collected 8026 gold pieces.
You spent 2626 gold pieces at shops.

Inventory:

Hand Weapons
 u - the +18 lance "Wyrmbane" (weapon) {slay drac, rPois rF+ rC+ AC+3}
   (You found it in the Desolation of Salt)

   It affects your AC (+3).
   It protects you from fire.
   It protects you from cold.
   It protects you from poison.
Missiles
 I - 2 throwing nets {=f}
 L - 754 poisoned tomahawks (quivered)
Armour
 K - the +4 dragonskin cloak (worn)
   (You took it off Tiamat on level 1 of the Realm of Zot)
 N - a +8 large shield of reflection (worn)
 S - the +9 scales of the Dragon King {rPois rF+ rC+ MR+}
   (You took it off a rakshasa on level 3 of the Vaults)

   It protects you from fire.
   It protects you from cold.
   It protects you from poison.
   It affects your resistance to hostile enchantments.
 Y - the +6 fire dragon scales of Xtahua (worn) {rF+++ rC- MR+}
   (You found it on level 2 of the Vaults)

   It renders you almost immune to fire.
   It makes you vulnerable to cold.
   It affects your resistance to hostile enchantments.
Jewellery
 g - an uncursed ring of see invisible
 v - the ring of Kikubaaqudgha's Whim {rPois rF++ rN+ Str+4 Stlth-}
   (You took it off a purple draconian on level 5 of the Depths)

   [ring of positive energy]

   It affects your strength (+4).
   It greatly protects you from fire.
   It protects you from poison.
   It protects you from negative energy.
   It makes you less stealthy.
 B - the ring "Xilatiom" (right claw) {rC+ MR+ Dex-2 Slay+2}
   (You found it on level 2 of the Depths)

   [ring of protection from magic]

   It affects your dexterity (-2).
   It affects your accuracy and damage with ranged weapons and melee attacks
   (+2).
   It protects you from cold.
   It affects your resistance to hostile enchantments.
 F - an uncursed amulet of the acrobat
 P - the ring of Ephemeral Luck (left claw) {rElec Slay+5 Stlth++}
   (You took it off Tiamat on level 1 of the Realm of Zot)

   [ring of stealth]

   It affects your accuracy and damage with ranged weapons and melee attacks
   (+5).
   It insulates you from electricity.
   It makes you much more stealthy.
 Q - an uncursed ring of positive energy
 V - a +3 amulet of reflection (around neck)
Wands
 b - a wand of iceblast (36)
 i - a wand of disintegration (31)
 w - a wand of digging (13)
 z - a wand of charming (24)
 D - a wand of clouds (6)
 M - a wand of flame (55)
 T - a wand of paralysis (57)
 X - a wand of polymorph (43)
Scrolls
 a - 3 scrolls of brand weapon
 c - 6 scrolls of teleportation
 d - 3 scrolls of fear
 f - 5 scrolls of revelation
 h - 6 scrolls of immolation
 k - 18 scrolls of remove curse
 p - 2 scrolls of blinking
 H - 5 scrolls of vulnerability
 R - 7 scrolls of fog
 Z - 8 scrolls of enchant weapon
Potions
 j - 2 potions of ambrosia
 m - 2 potions of might
 o - 22 potions of curing
 q - 10 potions of flight
 r - 3 potions of heal wounds
 t - 5 potions of cancellation
 x - 7 potions of haste
 A - a potion of agility
 C - 2 potions of magic
 E - 6 potions of berserk rage
 J - 8 potions of mutation
 U - 3 potions of resistance
Miscellaneous
 l - a lightning rod (4/4)
 n - a phial of floods
 s - a fan of gales (2/2)
 O - a lamp of fire
 W - a phantom mirror
Comestibles
 e - 35 rations {!d}


   Skills:
 + Level 21.4 Fighting
   Level 2.2(10.9) Short Blades
   Level 15.9 Long Blades
 - Level 18.0(17.9) Polearms
 - Level 15.0(14.9) Armour
 - Level 12.0(11.9) Dodging
 - Level 10.0(9.9) Stealth
 - Level 24.2 Shields
 - Level 10.0(9.9) Evocations


You had 26 spell levels left.
You didn't know any spells.
Your spell library contained the following spells:

 Spells                   Type           Power        Failure   Level  Hunger
 Beastly Appendage        Tmut           #.....       100%        1    None
 Blink Other              Tloc           #.....       100%        1    None
 Flame Tongue             Conj/Fire      #....        100%        1    None
 Magic Dart               Conj           #...         100%        1    None
 Necrotize                Necr           #.....       100%        1    None
 Sandblast                Erth           #.....       100%        1    None
 Poisonous Vapours        Pois/Air       #.....       100%        2    ####...
 Conjure Flame            Conj/Fire      #.......     100%        3    #####..
 Ignite Poison            Fire/Tmut/Pois #.......     100%        3    #####..
 Inner Flame              Hex/Fire       N/A          100%        3    #####..
 Regeneration             Chrm/Necr      #.........   100%        3    #####..
 Vampiric Draining        Necr           #.........   100%        3    #####..
 Animate Dead             Necr           N/A          100%        4    ######.
 Ice Form                 Ice/Tmut       #.......     100%        4    ######.
 Petrify                  Tmut/Erth      #.........   100%        4    ######.
 Summon Scorpions         Summ/Pois      #.......     100%        4    ######.
 Tree Form                Hex/Tmut       N/A          100%        4    ######.
 Bolt of Magma            Conj/Fire/Erth #.........   100%        5    #######
 Fireball                 Conj/Fire      #.........   100%        5    #######
 Freezing Cloud           Ice/Air        #.......     100%        5    #######
 Steam Barrier            Chrm/Fire      #.........   100%        5    #######
 Summon Forest            Summ/Tloc      #.........   100%        5    #######
 Deflect Missiles         Chrm/Air       #.........   100%        6    #######
 Statue Form              Tmut/Erth      #........    100%        6    #######
 Controlled Blink         Tloc           #.......     100%        7    #######
 Dragon Form              Tmut           #......      100%        7    #######
 Chain Lightning          Conj/Air       #.........   100%        8    #######
 Ignition                 Fire           #.........   100%        8    #######
 Necromutation            Tmut/Necr      #.......     100%        8    #######
 Time Stop                Chrm/Tloc      N/A          100%        8    #######
 Tornado                  Tloc/Air       #.........   100%        8    #######


Dungeon Overview and Level Annotations

Branches:
Dungeon (12/12)            Temple (0/1) D:7            Lair (6/6) D:8
  Swamp (3/3) Lair:3        Snake (3/3) Lair:3        Slime (0/5) Orc
    Orc (1/1) D:10            Elf (3/3) Lair:5       Vaults (3/3) D:11
  Crypt (0/2) Vaults:1     Depths (5/5) D:12            Zot (5/5) Depths:5

Altars:
Cheibriados
Fedhas
Gozag
Kikubaaqudgha
Lugonu
Nemelex Xobeh
Ru
Sif Muna
Trog
Uskayaw
Vehumet
Wu Jian
Xom
Yredelemnul
Jiyva

Shops:
D:5 %   D:6 (%!   D:7 }%*   D:10 *   D:12 :   Orc ([*=!   Elf:2 !   Elf:3 :[::
Snake:2 !   Vaults:1 (   Vaults:2 (

Portals:
Hell: Depths:1 Depths:2 Depths:3 Depths:4 Depths:5
Pandemonium: Depths:3
Ziggurat: Depths:1
Trove: D:10 (give +3 acid dragon scales)

Annotations:
Lair:1 2 transporters
Lair:4 3 runed translucent doors, Finalfun's ghost, journeyman MiAc; TheRedRose's ghost, journeyman OgBe
Swamp:3 Lernaean hydra
Elf:2 3 runed doors
Depths:2 1 runed door
Depths:3 1 runed door
Depths:5 3 runed doors
Zot:1 3 runed translucent doors, Pongem's ghost, legendary MiAK
Zot:3 5 transporters


Innate Abilities, Weirdness & Mutations

You have claws for hands.
You have hooves in place of feet.
You have a pair of large horns on your head.
A powerful demonic guardian rushes to your aid.
You regenerate a lot of health from kills.
You are completely covered in sharp spines.
Your magical and physical power is greatly enhanced at high health.
Your magical capacity is low. (-10% MP)
You are robust. (+10% HP)
You occasionally shout uncontrollably at your foes.
Your muscles are strong. (Str +2)


Message History

There is a stone staircase leading up here.
Something hits your cacodemon!!
Space warps horribly around your cacodemon!
You climb upwards.
Your summoned ally is left behind.
There is a stone staircase leading down here.
There is a stone staircase leading down here.
You use a rune to identify the item.
You see here a +0 robe.
HP restored.
There is an open door here.
An Orb Guardian comes into view.
You open the door.
There is an open door here.
The Orb Guardian gazes at you. You resist. The bolt of lightning hits you.
You resist. The bolt of lightning hits you.
There is an open door here.
There is a staircase leading out of the dungeon here.
The power of the Orb breaks the dimensional shunt like a soap bubble!
You have escaped!

#########..#
##.# ##.##
#...#
#.#X######
#.+......#
###'####.#
#X#..#.#
#.'@.+.#
#.#..#.#
#.####.#
#......#
########


You could see an Orb Guardian.

Vanquished Creatures
  Tiamat (Zot:1)
  4 orbs of fire
  3 ancient liches (Zot:5)
  3 Killer Klowns
  13 golden dragons
  Bai Suzhen (Depths:3)
  4 curse toes
  4 caustic shrikes (Depths:5)
  Jory (Vaults:2)
  A rockslime (Depths:2)
  2 bone dragons (Zot:1)
  A profane servitor (D:2)
  Nikola (Elf:3)
  Zenata (D:12)
  4 Orb Demons
  4 electric golems
  Frances (Swamp:1)
  An Ice Fiend (Depths:2)
  2 liches
  10 tentacled monstrosities
  22 Orb Guardians (Zot:5)
  2 wendigos
  A deep elf blademaster (Elf:3)
  A deep elf master archer (Elf:3)
  8 quicksilver dragons
  3 death cobs
  4 sphinxes
  9 shadow dragons
  9 nagarajas
  3 tengu reavers
  Roxanne (Elf:3)
  3 draconian monks
  15 storm dragons
  Kirke (Swamp:1)
  A revenant (Depths:4)
  5 deep elf sorcerers
  3 vault wardens
  A balrug (Depths:2)
  A caustic shrike zombie (D:12)
  8 fire giants
  5 war gargoyles (Vaults:3)
  6 frost giants
  Louise (Snake:1)
  6 draconian knights
  2 imperial myrmidons (Desolation)
  6 draconian shifters
  2 ghost moths
  An orc warlord (Orc)
  A juggernaut zombie (Depths:4)
  4 deep elf elementalists
  2 curse skulls
  20 stone giants
  7 draconian stormcallers
  7 draconian scorchers
  6 ironheart preservers
  3 draconian annihilators
  2 jiangshi (Depths:4)
  An eye of devastation (Zot:4)
  2 juggernaut skeletons (Depths:4)
  4 vampire knights
  20 very ugly things
  11 red draconians
  11 black draconians
  3 deep elf demonologists
  3 yellow draconians
  9 green draconians
  10 white draconians
  Nessos (Lair:6)
  2 halazid warlocks (Desolation)
  A minotaur (Gauntlet)
  7 deep elf annihilators
  6 ragged hierophants (Desolation)
  2 spark wasps (Depths:3)
  6 dire elephants
  An eidolon (Vaults:1)
  4 deep elf death magi
  9 fire dragons
  8 purple draconians
  4 crystal guardians
  3 deep elf high priests
  7 ettins
  14 vault guards
  7 yaktaur captains
  4 servants of whispers (Desolation)
  8 peacekeepers
  10 ice dragons
  4 rakshasas
  A ghost crab (Swamp:3)
  3 hell beasts
  14 hydras
  8 naga warriors
  7 alligators
  A catoblepas (Lair:6)
  7 two-headed ogres
  7 death yaks
  Erica (Lair:1)
  4 anacondas
  2 shambling mangroves (Swamp:3)
  3 great orbs of eyes
  2 ogre magi
  8 deep troll shamans
  A vampire mage (D:12)
  7 deep troll earth magi
  4 tengu warriors
  A titan zombie (Depths:4)
  7 spriggan berserkers
  16 dancing weapons
  10 shock serpents
  3 ironheart beastmasters (Vaults:2)
  8 naga sharpshooters
  4 orc high priests (Orc)
  23 deep trolls
  4 sun demons
  A fire crab (Lair:6)
  2 spriggans (Swamp:3)
  17 deep elf knights
  3 death drakes
  2 centaur warriors
  A goliath frog (Lair:6)
  A salamander mystic (Snake:3)
  A sixfirhy (D:4)
  A titan skeleton (Depths:4)
  5 hell knights
  3 spriggan druids
  5 skeletal warriors
  10 iron trolls
  A spark wasp zombie (Depths:4)
  A torturous demonspawn (Depths:3)
  2 unseen horrors (D:8)
  4 flayed ghosts
  A swamp dragon (shapeshifter) (Vaults:3)
  A shadow dragon zombie (Depths:4)
  2 golden dragon zombies (Depths:4)
  6 naga ritualists
  12 swamp dragons
  Pikel (D:5)
  An obsidian statue (Zot:4)
  12 wizards
  2 tengu zombies (Depths:4)
  23 deep elf archers
  An infernal demonspawn (Depths:3)
  2 lindwurms
  3 cyclopes
  6 phantasmal warriors
  2 necromancers
  3 orc knights
  An orb spider (shapeshifter) (Depths:5)
  13 ironheart convokers
  3 iron dragon zombies (Depths:4)
  A cyclops (shapeshifter) (Depths:4)
  7 mana vipers
  41 ugly things
  A frost giant zombie (Depths:4)
  4 oklob plants (Zot:4)
  6 salamanders
  A faun (shapeshifter) (Vaults:2)
  47 deep elf magi
  A manticore (Lair:5)
  5 orc sorcerers (Orc)
  A fire giant zombie (Vaults:3)
  23 moths of wrath
  2 frost giant skeletons (Depths:4)
  6 guardian serpents
  9 vault sentinels
  A black mamba (shapeshifter) (D:11)
  2 elephants (Lair:6)
  8 will-o'-wisps
  24 naga magi
  32 black mambas
  A molten gargoyle (Desolation)
  A stone giant skeleton (D:12)
  3 gargoyles (Volcano)
  15 cane toads
  A rime drake (shapeshifter) (D:12)
  2 minotaur zombies (Gauntlet)
  2 eyes of draining
  A kobold demonologist (D:12)
  9 komodo dragons
  A guardian mummy (D:12)
  5 flying skulls
  An ice devil (Depths:4)
  5 freezing wraiths
  2 tengu conjurers
  17 yaktaurs
  2 eyes of draining (shapeshifter)
  A merfolk (D:10)
  4 polar bears
  2 meliai (D:12)
  A meliai (shapeshifter) (Vaults:3)
  2 red devils (Depths:3)
  6 tyrant leeches
  3 hornets
  3 trolls
  2 harpy skeletons
  3 small abominations (Gauntlet)
  11 slime creatures
  33 saltlings (Desolation)
  17 blink frogs
  14 bog bodies
  A blink frog (shapeshifter) (Elf:1)
  2 snapping turtles (shapeshifter)
  4 dream sheep (Lair:5)
  An ettin zombie (D:12)
  8 hippogriffs
  A stone giant simulacrum (Vaults:3)
  An alligator skeleton (Volcano)
  6 wraiths
  2 air elementals (Elf:1)
  A deep troll skeleton (D:12)
  8 water elementals
  17 humans
  2 wyverns
  3 basilisks
  5 fire elementals
  25 yaks
  A hungry ghost (D:5)
  A human simulacrum (Vaults:2)
  3 hogs (Swamp:1)
  17 vampire mosquitoes
  3 steam dragons
  A large abomination (Zot:5)
  39 nagas
  2 wargs (Orc)
  6 swamp worms
  3 acid dragons
  23 crocodiles
  9 porcupines
  12 swamp drakes
  2 black bears
  4 ice beasts
  13 water moccasins
  5 sky beasts
  15 ogres
  3 phantoms
  A slave (D:5)
  25 orc warriors
  6 necrophages (Swamp:3)
  17 wolves
  A blink frog skeleton (D:10)
  9 boggarts
  4 bullfrogs
  5 kobold brigands
  A gnoll sergeant (D:8)
  Dowan (D:5)
  5 centaurs
  A wyvern skeleton (D:10)
  4 scorpions
  8 killer bees
  4 wights (D:9)
  2 spriggan skeletons
  A troll skeleton (Volcano)
  5 electric eels
  A howler monkey (D:9)
  9 orc priests
  10 crimson imps
  5 hounds
  5 jellies
  An iron imp (D:10)
  23 orc wizards
  5 iguanas
  5 worker ants
  3 lightning spires (Zot:4)
  A naga skeleton (Volcano)
  2 hound skeletons
  12 mummies (Ossuary)
  A worker ant zombie (D:7)
  11 gnolls
  12 adders
  2 howler monkey skeletons
  4 shadow imps
  A white imp (D:10)
  5 oozes
  3 adder skeletons (D:4)
  4 worms
  3 dart slugs
  3 leopard geckos
  A leopard gecko (shapeshifter) (Vaults:3)
  74 orcs
  3 ball pythons
  A giant cockroach (D:2)
  6 goblins
  8 hobgoblins
  9 jackals
  32 kobolds
  6 bats
  4 frilled lizards
  2 gnoll skeletons (Ossuary)
  2 goblin skeletons (Ossuary)
  3 kobold skeletons (Ossuary)
  An orc skeleton (Ossuary)
  2 rats
  11 rat skeletons (Ossuary)
  A spectral orc (D:5)
  2 fire vortices
1777 creatures vanquished.

Vanquished Creatures (collateral kills)
  A lich (Vaults:3)
  A death cob (Zot:5)
  3 sphinxes
  A nagaraja (Snake:3)
  3 frost giants (Vaults:3)
  A war gargoyle (Vaults:3)
  A draconian knight (Zot:5)
  5 vault wardens
  2 fire giants
  A deep elf sorcerer (Elf:3)
  A draconian shifter (Depths:5)
  An ironheart preserver (Vaults:3)
  A draconian scorcher (Zot:2)
  2 deep elf elementalists (Elf:3)
  2 stone giants (Vaults:3)
  2 draconian annihilators
  A jiangshi (Vaults:1)
  4 very ugly things
  A green draconian (Zot:5)
  A deep elf annihilator (Elf:3)
  2 dire elephants (Vaults:2)
  A black draconian (Depths:5)
  A vampire knight (Depths:2)
  2 white draconians
  2 ragged hierophants (Desolation)
  A deep elf death mage (Elf:3)
  A crystal guardian (Vaults:3)
  2 fire dragons
  A rakshasa (Vaults:1)
  3 yaktaur captains
  3 servants of whispers (Desolation)
  7 hydras
  2 peacekeepers (Desolation)
  A shambling mangrove (Swamp:1)
  3 great orbs of eyes
  A great orb of eyes (shapeshifter) (Vaults:3)
  2 alligators (Swamp:1)
  3 two-headed ogres
  A death knight (Vaults:3)
  A death yak (Lair:6)
  3 deep troll earth magi (Depths:3)
  4 deep troll shamans
  A naga sharpshooter (Snake:3)
  3 deep trolls
  A centaur warrior (D:12)
  A hell knight (Depths:1)
  A skeletal warrior (Volcano)
  An iron troll (Depths:2)
  A cherub (D:12)
  2 swamp dragons
  A naga ritualist (Snake:3)
  A phantasmal warrior (Vaults:3)
  2 wizards
  3 ironheart convokers
  A cyclops (Vaults:2)
  2 orc knights (D:10)
  9 ugly things
  6 deep elf magi
  A moth of wrath (Zot:4)
  A will-o'-wisp (Swamp:1)
  3 elephants (Lair:6)
  4 vault sentinels (Vaults:3)
  2 guardian serpents (Desolation)
  4 cane toads
  2 freezing wraiths (Vaults:3)
  4 yaktaurs
  A komodo dragon (D:8)
  2 polar bears (Lair:5)
  2 slime creatures (Swamp:3)
  A tyrant leech (Swamp:3)
  2 hippogriffs
  13 saltlings (Desolation)
  5 blink frogs
  A dream sheep (Lair:5)
  An alligator skeleton (Volcano)
  9 yaks
  A wraith (Vaults:3)
  A vampire mosquito (Swamp:3)
  2 crocodiles
  4 nagas
  A hell hound (Gauntlet)
  A swamp drake (Swamp:3)
  3 orc warriors
  A human zombie (Vaults:3)
  A boggart (Swamp:3)
  An ogre (Orc)
  A wolf (Lair:1)
  A centaur (D:10)
  A howler monkey (D:5)
  2 orc wizards
  A shadow imp (Depths:5)
  4 orcs
  A kobold (D:12)
  A kobold (shapeshifter) (Vaults:3)
  2 fire vortices (Zot:1)
  A plant (Lair:6)
207 creatures vanquished.

Vanquished Creatures (others)
  Xtahua (Vaults:2)
  2 deep elf master archers (Elf:3)
  A tengu reaver (Vaults:3)
  10 stone giants
  A vampire knight (Depths:3)
  A merfolk javelineer (Depths:1)
  An ice dragon (Zot:1)
  A yaktaur captain (Depths:2)
  A deep elf high priest (Elf:3)
  13 vault guards (Vaults:3)
  A hydra (Swamp:1)
  A deep troll shaman (Depths:3)
  An ironheart beastmaster (Vaults:3)
  A deep elf knight (Vaults:2)
  A centaur warrior (Vaults:1)
  A glowing orange brain (Vaults:2)
  A cyclops (Vaults:1)
  An orc knight (D:10)
  A deep elf mage (Elf:1)
  An ugly thing (Depths:3)
  3 moths of wrath (Zot:5)
  A spriggan zombie (Depths:4)
  7 yaktaurs
  Duvessa (D:5)
  An orc warrior (Orc)
  A boggart (Swamp:3)
  2 orc wizards
  3 orcs
  A fire vortex (Zot:1)
  9 fungi (Orc)
  23 plants
  6 withered plants (Lair:4)
100 creatures vanquished.

Grand Total: 2084 creatures vanquished

Notes
Turn   | Place    | Note
-------+----------+-------------------------------------------
     0 | D:1      | TheRedRose the Demonspawn Berserker began the quest for the
                  | Orb.
     0 | D:1      | Reached XP level 1. HP: 18/18 MP: 1/1
   135 | D:1      | Gained mutation: You have large cloven feet. [demonic
                  | ancestry]
   135 | D:1      | Reached XP level 2. HP: 16/24 MP: 2/2
   776 | D:2      | Gained mutation: You have sharp fingernails. [demonic
                  | ancestry]
   776 | D:2      | Reached XP level 3. HP: 29/29 MP: 3/3
   778 | D:2      | Found an ancient bone altar of Kikubaaqudgha.
   845 | D:2      | Gained mutation: You have a pair of small horns on your
                  | head. [demonic ancestry]
   845 | D:2      | Reached XP level 4. HP: 35/35 MP: 4/4
  1071 | D:2      | Reached ** piety under Trog
  1098 | D:2      | Found a glowing golden altar of the Shining One.
  1451 | D:2      | Reached skill level 1 in Stealth
  1465 | D:2      | Found a sparkling altar of Nemelex Xobeh.
  2015 | D:3      | Found an ornate altar of the Wu Jian Council.
  2028 | D:3      | Gained mutation: You have hoof-like feet. [demonic
                  | ancestry]
  2028 | D:3      | Reached XP level 5. HP: 25/41 MP: 5/5
  2326 | D:3      | Reached XP level 6. HP: 39/48 MP: 6/6
  3135 | D:4      | Reached skill level 1 in Short Blades
  3139 | D:4      | Reached *** piety under Trog
  3180 | D:4      | Found a snail-covered altar of Cheibriados.
  3302 | D:4      | Reached skill level 5 in Fighting
  3302 | D:4      | Gained mutation: A weak demonic guardian rushes to your
                  | aid. [demonic ancestry]
  3302 | D:4      | Reached XP level 7. HP: 54/56 MP: 7/7
  3694 | D:5      | Entered Level 5 of the Dungeon
  3694 | D:5      | Found Boclu's Food Boutique.
  3696 | D:5      | Noticed Pikel
  3738 | D:5      | Noticed a hungry ghost
  3748 | D:5      | Killed a hungry ghost
  3815 | D:5      | Noticed a steam dragon
  3815 | D:5      | Noticed a steam dragon
  3815 | D:5      | Noticed Duvessa
  3815 | D:5      | Noticed Dowan
  3824 | D:5      | Killed a steam dragon
  3825 | D:5      | Gained mutation: You regenerate a little health from kills.
                  | [demonic ancestry]
  3825 | D:5      | Reached XP level 8. HP: 44/62 MP: 8/8
  3827 | D:5      | Killed Duvessa
  3831 | D:5      | Reached skill level 5 in Stealth
  3839 | D:5      | Killed Dowan
  3934 | D:5      | Found a basalt altar of Yredelemnul.
  4131 | D:5      | Found a shimmering blue altar of Sif Muna.
  4173 | D:5      | Killed Pikel
  4174 | D:5      | Gained mutation: You are partially covered in sharp spines.
                  | [demonic ancestry]
  4174 | D:5      | Reached XP level 9. HP: 54/71 MP: 9/9
  4953 | D:6      | Found Ahonim's Food Boutique.
  4960 | D:6      | Found Mupoimn's Distillery.
  5004 | D:6      | Bought a potion of heal wounds for 70 gold pieces
  5004 | D:6      | Bought a potion of lignification for 42 gold pieces
  5004 | D:6      | Bought a potion of agility for 56 gold pieces
  5004 | D:6      | Bought a potion of haste for 140 gold pieces
  5004 | D:6      | Bought a potion of berserk rage for 42 gold pieces
  5004 | D:6      | Bought a potion of magic for 70 gold pieces
  5091 | D:6      | Reached skill level 5 in Armour
  5116 | D:6      | Found Wyosuedi's Weapon Boutique.
  5441 | D:6      | Found a blossoming altar of Fedhas.
  5747 | D:7      | Found Ehoigalo's General Store.
  5761 | D:7      | Bought a scroll of identify for 24 gold pieces
  5797 | D:7      | Found Juiqedis's Gadget Emporium.
  5810 | D:7      | Found a staircase to the Ecumenical Temple.
  5997 | D:7      | Noticed a two-headed ogre
  6008 | D:7      | Killed a two-headed ogre
  6009 | D:7      | Reached XP level 10. HP: 79/79 MP: 10/10
  6134 | D:7      | Reached **** piety under Trog
  6317 | D:7      | Found Ositoduf's Food Boutique.
  6399 | D:8      | Noticed an unseen horror
  6400 | D:8      | Found a staircase to the Lair.
  6414 | D:8      | Killed an unseen horror
  6575 | D:8      | Found a hide-covered altar of Uskayaw.
  6575 | D:8      | Found a blossoming altar of Fedhas.
  6646 | D:8      | Found a sand-covered staircase.
  6651 | Ossuary  | Entered an ossuary
  7001 | D:8      | Noticed an unseen horror
  7015 | D:8      | Killed an unseen horror
  7194 | D:8      | Reached ***** piety under Trog
  7553 | D:8      | Gained mutation: A demonic guardian rushes to your aid.
                  | [demonic ancestry]
  7553 | D:8      | Reached XP level 11. HP: 70/84 MP: 11/11
  7713 | D:9      | Found a shimmering altar of Xom.
  7776 | D:9      | Found an opulent altar of Gozag.
  7864 | D:9      | Found a white marble altar of Elyvilon.
  8063 | D:9      | Found a sacrificial altar of Ru.
  8094 | D:9      | Found a corrupted altar of Lugonu.
  8470 | D:9      | Reached skill level 10 in Dodging
  8530 | D:9      | Noticed a cyclops
  8539 | D:9      | Killed a cyclops
  8543 | D:9      | Noticed a two-headed ogre
  8550 | D:9      | Killed a two-headed ogre
  8621 | D:10     | Entered Level 10 of the Dungeon
  8621 | D:10     | Noticed a purple ugly thing
  8669 | D:9      | Killed a purple ugly thing
  8788 | D:10     | Found Nuadala's General Store.
  8910 | D:7      | Bought a +0 buckler for 54 gold pieces
  8999 | D:10     | Noticed a two-headed ogre
  9000 | D:10     | Noticed a six-headed hydra
  9005 | D:10     | Killed a two-headed ogre
  9006 | D:10     | Reached skill level 1 in Shields
  9013 | D:10     | Killed a six-headed hydra
  9021 | D:10     | Reached skill level 2 in Shields
  9145 | D:10     | Noticed a red ugly thing
  9154 | D:10     | Killed a red ugly thing
  9365 | D:10     | Noticed a deep elf mage
  9368 | D:10     | Noticed a sixfirhy
  9375 | D:10     | Killed a deep elf mage
  9409 | D:10     | Noticed a deep elf mage
  9420 | D:10     | Killed a deep elf mage
  9421 | D:10     | Reached skill level 3 in Shields
  9430 | D:10     | Got a masterwork hat
  9436 | D:10     | Identified the +2 hat "Lyqiseg" {rCorr} (You found it on
                  | level 10 of the Dungeon)
  9517 | D:10     | Found a staircase to the Orcish Mines.
  9517 | D:10     | Noticed an orc knight
  9517 | D:10     | Noticed an orc knight
  9517 | D:10     | Noticed an orc knight
  9523 | D:10     | Noticed an orc knight
  9544 | D:10     | Killed an orc knight
  9571 | D:10     | Killed an orc knight
  9572 | D:10     | Gained mutation: You have hooves in place of feet. [demonic
                  | ancestry]
  9572 | D:10     | Reached XP level 12. HP: 91/91 MP: 12/12
  9797 | D:10     | Reached skill level 4 in Shields
  9914 | D:10     | Found a portal to a secret trove of treasure.
 10240 | Lair:1   | Entered Level 1 of the Lair of Beasts
 10244 | Lair:1   | Found a transporter.
 10320 | Lair:1   | Reached ****** piety under Trog
 10352 | Lair:1   | Reached skill level 5 in Shields
 10359 | Lair:1   | Received a gift from Trog
 10476 | Lair:1   | Reached skill level 6 in Shields
 10484 | Lair:1   | Noticed a four-headed hydra
 10503 | Lair:1   | Killed a four-headed hydra
 10504 | Lair:1   | Reached skill level 1 in Evocations
 10584 | Lair:1   | Noticed Erica
 10592 | Lair:1   | Killed Erica
 10940 | Lair:1   | Reached skill level 7 in Shields
 11038 | Lair:1   | Found a transporter.
 11274 | Lair:2   | Reached skill level 5 in Evocations
 12274 | Lair:3   | Reached XP level 13. HP: 96/96 MP: 17/17
 12276 | Lair:3   | Found a gate leading to a gauntlet.
 12281 | Gauntlet | Entered a Gauntlet
 12281 | Gauntlet | Found a transporter.
 12281 | Gauntlet | Found a transporter.
 12286 | Gauntlet | Found a transporter.
 12286 | Gauntlet | Found a transporter.
 12291 | Gauntlet | Found a transporter.
 12291 | Gauntlet | Found a transporter.
 12301 | Gauntlet | Found a transporter.
 12310 | Gauntlet | Found a transporter.
 12380 | Gauntlet | Found a transporter.
 12397 | Gauntlet | Found a transporter.
 12504 | Gauntlet | Got a vibrating pewter amulet
 12506 | Gauntlet | Identified the cursed amulet "Jorief" {Inacc rC+} (You
                  | found it in a Gauntlet)
 12719 | Gauntlet | Noticed a minotaur
 12747 | Gauntlet | Killed a minotaur
 12816 | Gauntlet | Reached skill level 8 in Shields
 12931 | Lair:3   | Found a staircase to the Snake Pit.
 12968 | Lair:3   | Received a gift from Trog
 13205 | Lair:3   | Reached skill level 9 in Shields
 13770 | Lair:3   | Found a staircase to the Swamp.
 14158 | Lair:4   | Found a dark tunnel.
 14171 | Volcano  | Entered a volcano
 14240 | Volcano  | Reached skill level 10 in Shields
 14621 | Lair:4   | Found a runed translucent gate.
 14621 | Lair:4   | Found a runed translucent gate.
 14621 | Lair:4   | Found a runed translucent gate.
 14622 | Lair:4   | Noticed TheRedRose's ghost (journeyman OgBe)
 14623 | Lair:4   | Noticed Finalfun's ghost (journeyman MiAc)
 14678 | Lair:4   | Reached skill level 11 in Shields
 15454 | Lair:5   | Gained mutation: You have a pair of horns on your head.
                  | [demonic ancestry]
 15454 | Lair:5   | Reached XP level 14. HP: 103/103 MP: 19/19
 15481 | Lair:5   | Reached skill level 12 in Shields
 15604 | Lair:5   | Found a staircase to the Elven Halls.
 16020 | Lair:6   | Entered Level 6 of the Lair of Beasts
 16177 | Lair:6   | Received a gift from Trog
 16265 | Lair:6   | Reached skill level 13 in Shields
 16924 | Lair:6   | Noticed Nessos
 16942 | Lair:6   | Killed Nessos
 16943 | Lair:6   | Reached skill level 14 in Shields
 17593 | Swamp:1  | Entered Level 1 of the Swamp
 17919 | Swamp:1  | Reached skill level 15 in Shields
 17935 | Swamp:1  | Found a basalt altar of Yredelemnul.
 18015 | Swamp:1  | Gained mutation: You have very sharp fingernails. [demonic
                  | ancestry]
 18015 | Swamp:1  | Reached XP level 15. HP: 106/108 MP: 20/20
 18022 | Swamp:1  | Received a gift from Trog
 18060 | Swamp:1  | Noticed Frances
 18082 | Swamp:1  | Killed Frances
 18088 | Swamp:1  | Reached skill level 10 in Long Blades
 18360 | Swamp:1  | Noticed Kirke
 18365 | Swamp:1  | Killed Kirke
 19062 | Swamp:3  | Entered Level 3 of the Swamp
 19296 | Swamp:3  | Received a gift from Trog
 19749 | Swamp:3  | Noticed the 27-headed Lernaean hydra
 19900 | Swamp:3  | Reached skill level 10 in Fighting
 19913 | Swamp:3  | Reached XP level 16. HP: 122/122 MP: 21/21
 20101 | Swamp:3  | Got a decaying rune of Zot
 20169 | Swamp:3  | Received a gift from Trog
 20489 | Orc      | Entered the Orcish Mines
 20660 | Orc      | Found a viscous altar of Jiyva.
 20696 | Orc      | Found Ickevidwi's Antique Armour Emporium.
 20899 | Orc      | Found Hatot's Distillery.
 20907 | Orc      | Bought a potion of heal wounds for 75 gold pieces
 20907 | Orc      | Bought a potion of heal wounds for 75 gold pieces
 20939 | Orc      | Found Jiubeso's General Store.
 20966 | Orc      | Bought a scroll of fog for 26 gold pieces
 20966 | Orc      | Bought a scroll of enchant weapon for 97 gold pieces
 20966 | Orc      | Bought a potion of might for 52 gold pieces
 21065 | Orc      | Found Epivvire's Jewellery Shop.
 21285 | Orc      | Found Fyxeih's Antique Weapon Shop.
 21323 | Orc      | Found a viscous altar of Jiyva.
 21324 | Orc      | Found a staircase to the Slime Pits.
 21443 | Orc      | Bought the ring "Oxzu Pudi" {rPois MR+ Str+4 Int-4 Stlth+}
                  | for 476 gold pieces
 21443 | Orc      | Bought a +5 ring of slaying for 753 gold pieces
 21673 | Snake:1  | Entered Level 1 of the Snake Pit
 21901 | Snake:1  | Received a gift from Trog
 22670 | Snake:1  | Noticed Louise
 22686 | Snake:1  | Killed Louise
 23701 | Snake:2  | Identified the +2 pair of boots of the Slightly Bent {rF+}
 23884 | Snake:2  | Found Puwn's Distillery.
 23908 | Snake:2  | Bought a potion of curing for 40 gold pieces
 23908 | Snake:2  | Bought a potion of curing for 40 gold pieces
 23908 | Snake:2  | Bought a potion of heal wounds for 80 gold pieces
 23908 | Snake:2  | Bought a potion of might for 64 gold pieces
 24404 | Snake:3  | Entered Level 3 of the Snake Pit
 24413 | Snake:3  | Gained mutation: You are mostly covered in sharp spines.
                  | [demonic ancestry]
 24413 | Snake:3  | Reached XP level 17. HP: 128/128 MP: 23/23
 24415 | Snake:3  | Received a gift from Trog
 24953 | Snake:3  | Got a serpentine rune of Zot
 25047 | Snake:3  | Reached skill level 10 in Stealth
 25072 | Snake:3  | Reached skill level 10 in Evocations
 25094 | Snake:3  | Received a gift from Trog
 25320 | Snake:3  | Reached skill level 15 in Long Blades
 26209 | D:11     | Identified the +9 short sword "Gogueloz" {speed, rPois
                  | Dex+3} (Trog gifted it to you on level 11 of the Dungeon)
 26209 | D:11     | Received a gift from Trog
 26339 | D:11     | Found a gate to the Vaults.
 26788 | D:12     | Entered Level 12 of the Dungeon
 26794 | D:12     | Found Hueteet's Book Emporium.
 27007 | D:12     | Received a gift from Trog
 27212 | D:12     | Found a staircase to the Depths.
 27258 | D:12     | Reached XP level 18. HP: 128/134 MP: 25/25
 27804 | Elf:1    | Entered Level 1 of the Elven Halls
 27921 | Elf:1    | Received a gift from Trog
 28019 | Elf:1    | Reached skill level 16 in Shields
 28414 | Orc      | Bought an uncursed ring of insulation for 350 gold pieces
 29584 | Elf:2    | Found a crumbling gateway.
 29603 | Elf:2    | Received a gift from Trog
 29637 | Desolati | Entered the Desolation of Salt
 30064 | Desolati | Reached skill level 17 in Shields
 30081 | Desolati | Found the +8 lance "Wyrmbane" {slay drac, rPois rF+ rC+
                  | AC+3}
 30086 | Desolati | Identified the ring of Ningukh {+Inv rF++ rC- rCorr Str+2}
 30105 | Desolati | Identified the ring "Fuyblu" {Wiz rN+ Str-2 Int+4}
 30152 | Desolati | Reached skill level 1 in Polearms
 30216 | Desolati | Identified the +3 rapier of the Hand {flame, +Blink rC+ MR-
                  | Dex+5} (Trog gifted it to you in the Desolation of Salt)
 30216 | Desolati | Received a gift from Trog
 30236 | Desolati | Identified the cursed +0 chain mail "Ydeujumn" {rPois}
 30416 | Desolati | Identified the Papyrus of Feathery Clay
 30559 | Desolati | Identified the Volume of the Blaze and the Voyage
 30576 | Desolati | Identified the amulet "Joashre" {Regen rC+} (You found it
                  | in the Desolation of Salt)
 30618 | Desolati | Gained mutation: You are completely covered in sharp
                  | spines. [demonic ancestry]
 30618 | Desolati | Reached XP level 19. HP: 134/140 MP: 26/26
 30714 | Desolati | Identified the Tome of Vitriolic Transmutation
 30919 | Elf:2    | Reached skill level 5 in Polearms
 31096 | Elf:2    | Found Qeapref's Distillery.
 31155 | Elf:2    | Found a runed gate.
 31155 | Elf:2    | Found a runed gate.
 31166 | Elf:2    | Found a runed gate.
 31360 | Elf:3    | Entered Level 3 of the Elven Halls
 31361 | Elf:3    | Noticed Nikola
 31361 | Elf:3    | Found Cesujebo's Armour Shoppe.
 31376 | Elf:3    | Killed Nikola
 31505 | Elf:3    | Received a gift from Trog
 31542 | Elf:3    | Identified a scroll of acquirement
 31605 | Elf:3    | Found Qayteoji's Book Boutique.
 31607 | Elf:3    | Found Xyrphaxye's Book Shop.
 31717 | Elf:3    | Noticed Roxanne
 31731 | Elf:3    | Killed Roxanne
 31737 | Elf:3    | Identified Roxanne's Reference Book on Transformation (You
                  | took it off Roxanne on level 3 of the Elven Halls)
 31773 | Elf:3    | Found Uwucosao's Book Shoppe.
 31942 | Elf:3    | Reached skill level 18 in Shields
 32306 | Elf:3    | Identified the ring of Truth {+Inv rElec Int-5 Dex+6
                  | Stlth+}
 32693 | Elf:3    | Noticed a Shadow Fiend
 32718 | Elf:3    | Identified the +5 leather armour of Disguise {MR+}
 33089 | Elf:3    | Identified the cursed +1 robe of Conscience {+Blink Int+2}
 33102 | Elf:3    | Received a gift from Trog
 33125 | Elf:3    | Identified the +2 robe of Yesterday {+Inv rN+++ MR- Dex-5}
 33160 | Elf:3    | Identified The Lost Volume of the Archmage
 33180 | Elf:3    | Found the +8 longbow "Zephyr" {speed, Dex+3 SInv}
 33226 | Elf:3    | Identified the +0 ring mail "Othraij" {Int+2 SInv}
 33227 | Elf:3    | Identified the Guide on Fire
 33235 | Elf:3    | Identified the Disquisition on Darkness and Clay
 33727 | Vaults:1 | Entered Level 1 of the Vaults
 34273 | Vaults:1 | Gained mutation: You have claws for hands. [demonic
                  | ancestry]
 34273 | Vaults:1 | Reached XP level 20. HP: 147/147 MP: 27/27
 34360 | Vaults:1 | Found a staircase to the Crypt.
 34398 | Vaults:1 | Identified the +7 spear "Nuibb" {pierce, rElec rF- rC+}
                  | (Trog gifted it to you on level 1 of the Vaults)
 34398 | Vaults:1 | Received a gift from Trog
 34475 | Vaults:1 | Reached skill level 19 in Shields
 34479 | Vaults:1 | Reached skill level 10 in Polearms
 34571 | Vaults:1 | Found Junoac's Antique Weapon Boutique.
 35167 | Vaults:2 | Noticed Jory
 35216 | Vaults:2 | Killed Jory
 35442 | Vaults:2 | Noticed Xtahua
 35449 | Vaults:2 | Killed Xtahua
 35450 | Vaults:2 | Found the +6 fire dragon scales of Xtahua {rF+++ rC- MR+}
 35668 | Vaults:2 | Received a gift from Trog
 35935 | Vaults:2 | Found Mazuipue's Antique Weapon Shop.
 36818 | Vaults:2 | Received a gift from Trog
 36949 | Vaults:2 | Identified the cursed +3 rapier "Vedighu" {drain, rPois
                  | rC++}
 37248 | Depths:1 | Entered Level 1 of the Depths
 37249 | Depths:1 | Noticed Zenata
 37301 | Depths:1 | Reached skill level 20 in Shields
 37436 | D:12     | Killed Zenata
 37611 | Depths:1 | Gained mutation: You regenerate health from kills. [demonic
                  | ancestry]
 37611 | Depths:1 | Reached XP level 21. HP: 138/153 MP: 28/28
 37922 | Depths:1 | Identified the cursed +0 hat of Uxurch {rPois rN++ Regen+
                  | Str-3}
 37942 | Depths:1 | Found a radiant altar of Vehumet.
 37995 | Depths:1 | Found a gateway to a ziggurat.
 38137 | Depths:1 | Received a gift from Trog
 38542 | Depths:1 | Found a gateway to Hell.
 38739 | Depths:2 | Identified the cursed ring of Ukhlip {Ice rPois MR++ Str+2}
 38986 | Depths:2 | Found a runed door.
 39494 | Depths:2 | Reached skill level 15 in Polearms
 39625 | Depths:2 | Noticed a rockslime
 39639 | Depths:2 | Killed a rockslime
 39757 | Depths:2 | Identified the ring "Xilatiom" {rC+ MR+ Dex-2 Slay+2}
 39841 | Depths:2 | Received a gift from Trog
 40337 | Depths:3 | Noticed Bai Suzhen
 40419 | Depths:3 | Killed Bai Suzhen
 40549 | Depths:3 | Gained mutation: You have a pair of large horns on your
                  | head. [demonic ancestry]
 40549 | Depths:3 | Reached XP level 22. HP: 159/159 MP: 29/29
 40700 | Depths:3 | Found a one-way gate leading to the halls of Pandemonium.
 40791 | Depths:3 | Identified the +5 whip "Plog" {flame, Dex+4}
 41281 | Depths:3 | Found a runed door.
 41498 | Depths:4 | Identified the +12 long sword "Wuitha Susy" {flame, rPois
                  | rC++} (Trog gifted it to you on level 4 of the Depths)
 41498 | Depths:4 | Received a gift from Trog
 42318 | Depths:4 | Reached skill level 10 in Armour
 42495 | Depths:4 | Received a gift from Trog
 42839 | Depths:4 | Found a bloodstained altar of Trog.
 43110 | Depths:5 | Entered Level 5 of the Depths
 43276 | Depths:5 | Noticed a Killer Klown
 43286 | Depths:5 | Lost intelligence.
 43291 | Depths:5 | Killed a Killer Klown
 43608 | Depths:5 | Identified the ring of Kikubaaqudgha's Whim {rPois rF++ rN+
                  | Str+4 Stlth-}
 43703 | Depths:5 | Noticed a caustic shrike
 43706 | Depths:5 | Noticed a caustic shrike
 43706 | Depths:5 | Noticed a caustic shrike
 43706 | Depths:5 | Noticed a caustic shrike
 43717 | Depths:5 | Noticed a golden dragon
 43717 | Depths:5 | Found a gate to the Realm of Zot.
 43717 | Depths:5 | Found a runed door.
 43726 | Depths:5 | Found a runed door.
 44003 | Depths:5 | Noticed a golden dragon
 44022 | Depths:4 | Killed a golden dragon
 44023 | Depths:4 | Gained mutation: Your magical and physical power is
                  | slightly enhanced at high health. [demonic ancestry]
 44023 | Depths:4 | Reached XP level 23. HP: 118/165 MP: 30/30
 44369 | Depths:5 | Killed a golden dragon
 44433 | Depths:5 | Found a runed door.
 44483 | Depths:5 | Found a runed door.
 45002 | Vaults:3 | Entered Level 3 of the Vaults
 45076 | Vaults:3 | Received a gift from Trog
 45105 | Vaults:3 | Identified the ring "Posin" {+Inv +Fly Int-5 Stlth+}
 45212 | Vaults:3 | Found the +8 storm bow {lightning, rElec Stlth-}
 45229 | Vaults:3 | Got a silver rune of Zot
 45527 | Vaults:3 | Identified the +1 chain mail "Etomae" {Int+3 Dex-4 Slay+2}
 45570 | Vaults:3 | Reached skill level 21 in Shields
 45775 | Vaults:3 | Reached skill level 15 in Armour
 45777 | Vaults:3 | Identified the ring "Tabesufe" {Int+3 Stlth++}
 45786 | Vaults:3 | Gained mutation: Your magical and physical power is
                  | enhanced at high health. [demonic ancestry]
 45786 | Vaults:3 | Reached XP level 24. HP: 154/172 MP: 30/30
 46181 | Vaults:3 | Found the +6 lightning scales {run, rElec}
 46827 | Zot:1    | Entered Level 1 of the Realm of Zot
 46840 | Depths:5 | Received a gift from Trog
 46863 | Depths:5 | Reached skill level 22 in Shields
 47021 | Zot:1    | Identified the +2 triple crossbow of Qeuk {penet, +Fly rC+
                  | rN+++ Dex-2}
 47166 | Zot:1    | Found a runed translucent gate.
 47178 | Zot:1    | Found a runed translucent gate.
 47179 | Zot:1    | Found a runed translucent gate.
 47184 | Zot:1    | Noticed Pongem's ghost (legendary MiAK)
 47662 | Zot:1    | Noticed a golden dragon
 47665 | Zot:1    | Noticed a golden dragon
 47675 | Zot:1    | Noticed a golden dragon
 47698 | Zot:1    | Killed a golden dragon
 47744 | Zot:1    | Killed a golden dragon
 47847 | Zot:1    | Noticed a golden dragon
 47853 | Zot:1    | Killed a golden dragon
 47854 | Zot:1    | Reached skill level 23 in Shields
 47863 | Zot:1    | Killed a golden dragon
 47868 | Zot:1    | Identified the +4 dragonskin cloak
 47868 | Zot:1    | Identified the ring of Ephemeral Luck {rElec Slay+5
                  | Stlth++}
 47868 | Zot:1    | Noticed Tiamat
 47899 | Zot:1    | HP: 6/258 [Tiamat/+4 bardiche of flaming (59)]
 47899 | Zot:1    | HP: 2/258 [Tiamat/+4 bardiche of flaming (4)]
 48794 | Zot:1    | Noticed a golden dragon
 48813 | Zot:1    | Gained mutation: A powerful demonic guardian rushes to your
                  | aid. [demonic ancestry]
 48813 | Zot:1    | Reached XP level 25. HP: 177/177 MP: 30/30
 48943 | Zot:1    | Noticed a golden dragon
 48955 | Zot:1    | Killed a golden dragon
 49301 | Zot:1    | Killed Tiamat
 49328 | Zot:1    | Killed a golden dragon
 49338 | Zot:1    | Identified the cursed amulet "Seyr Lelo" {Inacc Str+4}
 49557 | Zot:1    | Identified the Catalogue of the Compass and Confrontation
 49781 | Zot:3    | Noticed a golden dragon
 49781 | Zot:3    | Found a transporter.
 49791 | Zot:3    | Reached skill level 24 in Shields
 50180 | Zot:2    | Noticed a golden dragon
 50190 | Zot:2    | Killed a golden dragon
 50538 | Zot:2    | Identified the cursed ring "Sosoobam" {Int+2 Stlth--}
 50875 | Zot:3    | Noticed an orb of fire
 50888 | Zot:3    | Killed an orb of fire
 50962 | Zot:3    | Received a gift from Trog
 50965 | Zot:3    | Identified the amulet "Vivof" {RegenMP rC++ Dex+3}
 51406 | Zot:3    | Found a transporter.
 51436 | Zot:3    | Found a transporter.
 51437 | Zot:3    | Noticed an orb of fire
 51456 | Zot:3    | Found a transporter.
 51475 | Zot:3    | Found a transporter.
 51820 | Zot:4    | Noticed a golden dragon
 51837 | Zot:4    | Killed a golden dragon
 52008 | Zot:4    | Noticed a golden dragon
 52015 | Zot:4    | Killed a golden dragon
 52079 | Zot:4    | Noticed a Killer Klown
 52141 | Zot:4    | Killed a Killer Klown
 52142 | Zot:4    | Reached skill level 15 in Fighting
 52237 | Zot:4    | Identified the cursed ring "Qob Toco" {AC-3 Dex+6}
 52590 | Zot:4    | Gained mutation: You regenerate a lot of health from kills.
                  | [demonic ancestry]
 52590 | Zot:4    | Reached XP level 26. HP: 203/203 MP: 30/30
 52839 | Zot:4    | Noticed a golden dragon
 52846 | Zot:4    | Killed a golden dragon
 52847 | Zot:4    | Gained mutation: Your magical and physical power is greatly
                  | enhanced at high health. [demonic ancestry]
 52847 | Zot:4    | Reached XP level 27. HP: 209/209 MP: 30/30
 53008 | Zot:5    | Entered Level 5 of the Realm of Zot
 53077 | Zot:5    | Identified the +3 double sword of the Spectre {slice, Int+4
                  | Dex-2} (Trog gifted it to you on level 5 of the Realm of
                  | Zot)
 53077 | Zot:5    | Received a gift from Trog
 53879 | Zot:5    | Noticed an orb of fire
 53897 | Zot:5    | Gained mutation: You do not regenerate when monsters are
                  | visible. [an orb of fire]
 53904 | Zot:5    | Killed an orb of fire
 54012 | Zot:5    | Noticed an orb of fire
 54013 | Zot:5    | Gained mutation: You occasionally shout uncontrollably at
                  | your foes. [an orb of fire]
 54021 | Zot:5    | Gained mutation: You are clumsy. (Dex -2) [an orb of fire]
 54027 | Zot:5    | Gained mutation: You are frail. (-10% HP) [an orb of fire]
 54040 | Zot:5    | Gained mutation: You tend to lose your temper in combat.
                  | [an orb of fire]
 54042 | Zot:5    | Killed an orb of fire
 54050 | Zot:5    | Lost mutation: You do not regenerate when monsters are
                  | visible. [potion of mutation]
 54050 | Zot:5    | Lost mutation: You are clumsy. (Dex -2) [potion of
                  | mutation]
 54050 | Zot:5    | Lost mutation: You are frail. (-10% HP) [potion of
                  | mutation]
 54050 | Zot:5    | Gained mutation: You evolve. [potion of mutation]
 54050 | Zot:5    | Gained mutation: You are robust. (+10% HP) [potion of
                  | mutation]
 54051 | Zot:5    | Lost mutation: You evolve. [potion of mutation]
 54051 | Zot:5    | Lost mutation: You tend to lose your temper in combat.
                  | [potion of mutation]
 54051 | Zot:5    | Lost mutation: You are robust. (+10% HP) [potion of
                  | mutation]
 54051 | Zot:5    | Lost mutation: You occasionally shout uncontrollably at
                  | your foes. [potion of mutation]
 54051 | Zot:5    | Gained mutation: Your magical capacity is low. (-10% MP)
                  | [potion of mutation]
 54051 | Zot:5    | Gained mutation: Your muscles are strong. (Str +2) [potion
                  | of mutation]
 54051 | Zot:5    | Gained mutation: You are robust. (+10% HP) [potion of
                  | mutation]
 54106 | Zot:5    | Noticed an ancient lich
 54153 | Zot:5    | Killed an ancient lich
 54168 | Zot:5    | Noticed an ancient lich
 54239 | Zot:5    | Killed an ancient lich
 54246 | Zot:5    | Received a gift from Trog
 54280 | Zot:5    | Noticed an orb of fire
 54293 | Zot:5    | Gained mutation: You occasionally shout uncontrollably at
                  | your foes. [an orb of fire]
 54294 | Zot:5    | Killed an orb of fire
 54408 | Zot:5    | Noticed an ancient lich
 54417 | Zot:5    | Killed an ancient lich
 54423 | Zot:5    | Got the Orb of Zot
 54675 | Depths:3 | Noticed Foshre Elyss the pandemonium lord
 54967 | D:2      | Noticed Seejycu the pandemonium lord
 55028 | D:$      | Escaped with the Orb!

Skill      XL: |  1  2  3  4  5  6  7  8  9 10 11 12 13 14 15 16 17 18 19 20 21 22 23 24 25 26 27 |
---------------+----------------------------------------------------------------------------------+-----
Long Blades    | 3 7 8 9 11 13 15 | 15.9
Dodging        | 6 7 9 10 11 12 | 12.0
Stealth        | 1 2 4 5 6 7 9 10 | 10.0
Fighting       | 5 6 7 10 15 16 21 | 21.4
Short Blades   | 2 |  2.2
Armour         | 3 5 8 9 12 15 | 15.0
Shields        | 3 7 11 15 17 18 20 21 23 24 | 24.2
Evocations     | 5 7 8 10 | 10.0
Polearms       | 4 9 12 16 18 | 18.0

Action                   |  1- 3 |  4- 6 |  7- 9 | 10-12 | 13-15 | 16-18 | 19-21 | 22-24 | 25-27 || total
-------------------------+-------+-------+-------+-------+-------+-------+-------+-------+-------++-------
Melee: Falchion          |    63 |   123 |       |       |       |       |       |       |       ||   186
       Kick              |    11 |    44 |    63 |    66 |   412 |   507 |   742 |   618 |   204 ||  2667
       Headbutt          |       |    29 |    55 |   148 |   244 |   320 |   463 |   407 |   143 ||  1809
       Short sword       |       |    38 |   252 |   432 |       |       |       |       |       ||   722
       Long sword        |       |       |       |    79 |       |       |       |       |       ||    79
       Scimitar          |       |       |       |    86 |   940 |    20 |       |       |       ||  1046
       Demon blade       |       |       |       |       |       |  1139 |   600 |       |       ||  1739
       Lance             |       |       |       |       |       |       |   902 |  1276 |   573 ||  2751
Throw: Javelin           |       |       |     8 |    18 |    10 |     5 |       |       |       ||    41
       Tomahawk          |       |       |       |       |       |    14 |    17 |    12 |    40 ||    83
Invok: Berserk           |       |     1 |     4 |     6 |    10 |     8 |    16 |     8 |    10 ||    63
       Trog's Hand       |       |       |     2 |       |     1 |     4 |    14 |    10 |     9 ||    40
       Brothers in Arms  |       |       |       |       |     1 |     3 |     2 |     6 |     2 ||    14
Evoke: Wand              |       |       |       |     8 |     3 |     2 |     5 |     1 |     4 ||    23
       Phantom mirror    |       |       |       |       |     1 |       |       |     1 |     3 ||     5
       Lightning rod     |       |       |       |       |       |       |     1 |       |     1 ||     2
       Lamp of fire      |       |       |       |       |       |       |       |     1 |       ||     1
  Use: Scroll            |     1 |     1 |     4 |    12 |     8 |    10 |    13 |    13 |     5 ||    67
       Potion            |     1 |       |       |       |       |     3 |       |     9 |    10 ||    23
 Stab: Sleeping          |       |       |     8 |    20 |     9 |    19 |    19 |    19 |     7 ||   101
       Distracted        |       |       |     1 |     1 |     8 |    10 |    17 |    15 |     2 ||    54
       Confused          |       |       |       |       |       |       |     2 |       |       ||     2
  Eat: Chunk             |     2 |     8 |    18 |    35 |    38 |    36 |    37 |    25 |    10 ||   209
       Ration            |       |     2 |       |     1 |     5 |     7 |    11 |     9 |     9 ||    44
Armor: Animal skin       |    11 |    13 |    14 |    17 |       |       |       |       |       ||    55
       Steam dragon scal |       |       |       |     4 |       |       |       |       |       ||     4
       Scale mail        |       |       |       |    21 |   218 |   137 |    31 |       |       ||   407
       Fire dragon scale |       |       |       |       |       |       |   116 |   160 |    71 ||   347
Dodge: Dodged            |    47 |   102 |   169 |   461 |   712 |   441 |   287 |   271 |    75 ||  2565
Block: Other             |       |     7 |       |       |       |       |       |       |       ||     7
       Buckler           |       |       |       |   100 |   735 |   699 |    44 |       |       ||  1578
       Large shield      |       |       |       |       |       |       |  1236 |   906 |   351 ||  2493
       Reflection        |       |       |       |       |       |       |   149 |    79 |    11 ||   239
